 Dungeon Crawl Stone Soup version 0.25-a0-668-gea548f19b6 (console) character file.

Game seed: 2469962615208806756, levelgen mode: classic

3965 Duffy the Cleaver (level 10, -12/55 HPs)
             Began as a Vine Stalker Fighter on Mar 28, 2020.
             Was a High Priest of Cheibriados.
             Mangled by an orc knight
             ... wielding a +0 battleaxe
              (21 damage)
             ... in a bailey.
             The game lasted 00:11:58 (7704 turns).

Duffy the Cleaver (Vine Stalker Fighter)            Turns: 7704, Time: 00:11:58

Health: -12/55     AC: 12    Str: 37    XL:     10   Next: 22%
Magic:  0/23       EV:  5    Int: 22    God:    Cheibriados [*****.]
Gold:   337        SH: 12    Dex: 22    Spells: 9/9 levels left

rFire    . . .     SeeInvis +   a - +0 war axe
rCold    + . .     Gourm    .   c - +0 kite shield
rNeg     . . .     Faith    .   y - +0 plate armour
rPois    +         Spirit   +   (no helmet)
rElec    .         Reflect  .   v - +0 cloak
rCorr    .         Harm     .   (no gloves)
MR       +....                  (no boots)
Stlth    ..........             t - amulet of Dyne {Spirit rC+ Str+4 Dex-2 Slay+2}
HPRegen  0.58/turn              i - ring of magical power
MPRegen  0.18/turn              A - ring "Zeleoxif" {+Inv rPois Str+2 SInv}

@: very slightly contaminated, invisible, very slow
A: fangs 3, regeneration 1, magic shield, antimagic bite, no potion heal 3, rot
immunity
a: Bend Time, Temporal Distortion, Slouch, Step From Time, Renounce Religion


You were in a bailey.
You worshipped Cheibriados.
Cheibriados was extremely pleased with you.
You were hungry.

You visited 2 branches of the dungeon, and saw 8 of its levels.
You also visited: Sewer, Ossuary and Bailey.

You collected 337 gold pieces.

Inventory:

Hand Weapons
 a - a +0 war axe (weapon)
 B - a +2 vorpal spear
Missiles
 x - 2 throwing nets (quivered)
Armour
 c - a +0 kite shield (worn)
 v - a +0 cloak (worn)
 y - a +0 plate armour (worn)
Jewellery
 g - the ring of Celemese {rC+ rCorr}
   (You acquired it on level 6 of the Dungeon)

   [ring of resist corrosion]

   It protects you from cold.
   It provides partial protection from all sources of acid and corrosion.
 i - a ring of magical power (left hand)
 m - an uncursed ring of magical power
 t - the amulet of Dyne (around neck) {Spirit rC+ Str+4 Dex-2 Slay+2}
   (You took it off a goblin in a bailey)

   [amulet of guardian spirit]

   It causes incoming damage to be split between your health and magic.
   It affects your strength (+4).
   It affects your dexterity (-2).
   It affects your accuracy and damage with ranged weapons and melee attacks
   (+2).
   It protects you from cold.
 A - the ring "Zeleoxif" (right hand) {+Inv rPois Str+2 SInv}
   (You found it on level 5 of the Dungeon)

   [ring of poison resistance]

   It affects your strength (+2).
   It protects you from poison.
   It lets you see invisible.
   It lets you turn invisible.
 D - an uncursed amulet of regeneration
Wands
 l - a wand of disintegration (1)
 r - a wand of flame (9)
Scrolls
 e - 2 scrolls of immolation
 h - 3 scrolls of remove curse
 j - 4 scrolls of blinking
 p - 2 scrolls of fog
 q - a scroll of magic mapping
Potions
 d - a potion of might
 k - 6 potions of magic
 s - 2 potions of brilliance
 u - a potion of invisibility
 w - 4 potions of curing
Miscellaneous
 o - a crystal ball of energy
Comestibles
 f - 8 rations
 n - 12 chunks of flesh


   Skills:
 + Level 7.2 Fighting
 * Level 9.5 Axes
 - Level 2.4 Armour
 - Level 2.6 Shields
 + Level 5.1 Invocations
 + Level 4.2 Evocations


You had 9 spell levels left.
You didn't know any spells.
Your spell library contained the following spells:

 Spells                   Type           Power        Failure   Level  Hunger
 Magic Dart               Conj           #...         99%         1    ##.....
 Blink                    Tloc           N/A          100%        2    ###....
 Call Imp                 Summ           #.......     100%        2    ###....
 Slow                     Hex            #.......     100%        2    ###....
 Conjure Flame            Conj/Fire      #.......     100%        3    ####...
 Mephitic Cloud           Conj/Pois/Air  #.......     100%        3    ####...


Dungeon Overview and Level Annotations

Branches:
Dungeon (7/15)             Temple (1/1) D:4           Sewer (visited)
Ossuary (visited)          Bailey (1/1)

Altars:
Cheibriados
Dithmenos
Fedhas
Gozag
Hepliaklqana
Kikubaaqudgha
Makhleb
Nemelex Xobeh
Okawaru
Qazlal
Ru
Sif Muna
Uskayaw
Wu Jian
Xom
Zin


Innate Abilities, Weirdness & Mutations

You have razor-sharp teeth.
Your natural rate of healing is unusually fast.
When hurt, damage is shared between your health and your magic reserves.
Your bite disrupts and absorbs the magic of your enemies.
Potions cannot restore your health.
You are immune to rotting.


Message History

The orc warlord resists with some effort.
You block the orc warlord's attack.
Evoke which item? (* to show all) (? for menu, Esc to quit)
Aiming: Disintegrate
Press: ? - help, Shift-Dir - straight line, f/p - orc warlord
Aim: an orc warlord, wielding a +2 vampiric great sword and wearing a +0 chain mail (lightly wounded, unusually strong, chance to defeat MR: 50%)
The orc warlord resists with some effort.
The orc warlord hits you with a +2 vampiric great sword!
The orc warlord draws strength from your wounds!
You can feel time thicken for a moment.
You feel somewhat more hungry.
Cheibriados lowers the support of your attributes as your movement quickens.
The orc knight hits you with a +0 battleaxe!
You don't have enough magic at the moment.
Evoke which item? (* to show all) (? for menu, Esc to quit)
Aiming: Disintegrate
Press: ? - help, Shift-Dir - straight line, f/p - orc warlord
Aim: an orc warlord, wielding a +2 vampiric great sword and wearing a +0 chain mail (moderately wounded, unusually strong, chance to defeat MR: 50%)
The orc warlord is blasted!
You block the orc warlord's attack.
The orc knight hits you with a +0 battleaxe!!
You die...

??........8##o. #...
#.........###.o ###..
..###.### ###.###
#'#.....### ###)..).#
##.........###).)..)).
#...........#...)))...
#...........#...)).)..
#..oo.}..)..#....)}...
#...@)...)))'.........
#...........#.........
##.........###........
###.....### ###.....#
###.### ###.### ###
###


You could see an orc warlord and an orc knight.

Vanquished Creatures
  The ghost of Norrive the Chiller, a novice HuWn (D:5)
  An orc knight (Bailey)
  Sigmund (D:2)
  8 orc warriors (Bailey)
  2 ice beasts (D:6)
  A phantom (D:7)
  2 centaurs (D:4)
  An ogre (D:5)
  4 bullfrogs
  A gnoll sergeant (D:7)
  2 howler monkeys
  A crimson imp (D:5)
  6 centaur zombies (Ossuary)
  A quasit (D:6)
  2 orc priests
  Crazy Yiuf (D:3)
  2 hounds (D:4)
  Ijyb (D:3)
  Natasha (thrice) (D:3)
  An orc wizard (D:4)
  3 worker ants
  A big kobold zombie (Ossuary)
  6 mummies
  2 worker ant zombies
  22 gnolls
  14 adders
  5 river rats (Sewer)
  A shadow imp (D:7)
  2 oozes
  4 worms
  2 dart slugs
  6 leopard geckos
  23 orcs
  4 bats
  7 giant cockroaches
  34 goblins
  17 hobgoblins
  6 jackals
  2 quokkas
  12 ball pythons
  8 frilled lizards
  A goblin zombie (D:4)
  5 hobgoblin zombies
  11 kobolds
  A quokka skeleton (D:5)
  32 rats
273 creatures vanquished.

Notes
Turn   | Place    | Note
-------+----------+-------------------------------------------
     0 | D:1      | Duffy the Vine Stalker Fighter began the quest for the Orb.
     0 | D:1      | Reached XP level 1. HP: 11/11 MP: 2/2
    41 | D:1      | Reached skill level 2 in Axes
   241 | D:1      | Reached XP level 2. HP: 15/16 MP: 3/3
   797 | D:1      | Reached XP level 3. HP: 20/20 MP: 4/4
  1457 | D:2      | Reached skill level 3 in Axes
  1772 | D:3      | Found a glowing drain.
  1792 | Sewer    | Entered a sewer
  1825 | Sewer    | Gained mutation: Your natural rate of healing is unusually
                  | fast. [Vine Stalker growth]
  1825 | Sewer    | Reached XP level 4. HP: 24/24 MP: 5/5
  2012 | Sewer    | Reached skill level 1 in Evocations
  2013 | Sewer    | Reached XP level 5. HP: 24/28 MP: 6/6
  2213 | Sewer    | Reached skill level 4 in Axes
  2215 | Sewer    | Reached XP level 6. HP: 13/33 MP: 6/8
  2359 | D:3      | Noticed Natasha
  2365 | D:3      | Killed Natasha
  2412 | D:3      | Found a runed translucent door.
  2413 | D:3      | Noticed Crazy Yiuf
  2522 | D:4      | Reached skill level 5 in Axes
  2522 | D:4      | Reached XP level 7. HP: 18/38 MP: 4/9
  2571 | D:4      | Found a staircase to the Ecumenical Temple.
  2577 | Temple   | Entered the Ecumenical Temple
  2634 | Temple   | Became a worshipper of Cheibriados the Contemplative
  2661 | D:4      | Found a sand-covered staircase.
  2668 | Ossuary  | Entered an ossuary
  2726 | Ossuary  | Reached skill level 6 in Axes
  2727 | Ossuary  | Reached skill level 5 in Fighting
  2752 | Ossuary  | Gained mutation: You have razor-sharp teeth. [Vine Stalker
                  | growth]
  2752 | Ossuary  | Reached XP level 8. HP: 12/43 MP: 5/10
  3121 | D:2      | Reached * piety under Cheibriados
  3222 | D:2      | Noticed Sigmund
  3237 | D:2      | Killed Sigmund
  3237 | D:2      | Reached skill level 1 in Invocations
  3547 | D:2      | Reached ** piety under Cheibriados
  3831 | D:3      | Noticed Natasha
  3837 | D:3      | Killed Natasha
  3839 | D:3      | Reached skill level 7 in Axes
  3923 | D:3      | Found an opulent altar of Gozag.
  4230 | D:3      | Noticed Natasha
  4237 | D:3      | Killed Natasha
  4381 | D:3      | Noticed Ijyb
  4388 | D:3      | Killed Ijyb
  4507 | D:3      | Found a sacrificial altar of Ru.
  4580 | D:3      | Killed Crazy Yiuf
  4816 | D:5      | Entered Level 5 of the Dungeon
  4868 | D:5      | Found a runed translucent door.
  4869 | D:5      | Noticed Norrive's ghost (novice HuWn)
  5039 | D:5      | Killed Norrive's ghost
  5039 | D:5      | Reached skill level 8 in Axes
  5039 | D:5      | Reached XP level 9. HP: 37/48 MP: 12/12
  5102 | D:5      | Reached *** piety under Cheibriados
  5154 | D:5      | Got a wavering steel ring
  5635 | D:5      | Found a stormy altar of Qazlal.
  5637 | D:5      | Identified the ring "Zeleoxif" {+Inv rPois Str+2 SInv} (You
                  | found it on level 5 of the Dungeon)
  6016 | D:6      | Found an ancient bone altar of Kikubaaqudgha.
  6177 | D:6      | Found a hazy altar of Hepliaklqana.
  6202 | D:6      | Found an iron altar of Okawaru.
  6388 | D:6      | Found a hide-covered altar of Uskayaw.
  6390 | D:6      | Identified a scroll of acquirement
  6390 | D:6      | Identified the ring of Celemese {rC+ rCorr} (You acquired
                  | it on level 6 of the Dungeon)
  7036 | D:7      | Found a flagged portal.
  7048 | Bailey   | Entered a bailey
  7088 | Bailey   | Reached **** piety under Cheibriados
  7257 | Bailey   | Noticed an orc knight
  7263 | Bailey   | Reached skill level 9 in Axes
  7287 | Bailey   | Killed an orc knight
  7287 | Bailey   | Reached XP level 10. HP: 34/55 MP: 10/14
  7295 | Bailey   | Reached skill level 5 in Invocations
  7379 | Bailey   | Noticed an orc warlord
  7511 | Bailey   | Identified the amulet of Dyne {Spirit rC+ Str+4 Dex-2
                  | Slay+2}
  7519 | Bailey   | Reached ***** piety under Cheibriados
  7696 | Bailey   | Noticed an orc knight
  7704 | Bailey   | Mangled by an orc knight

Levels and vault maps discovered:
D:1:      psy_arrival_statuary, layout_basic, corner_web_ring,
          nrook_mini_vaults, minmay_misc_feat_roman, roderic_roman_lattice,
          kennysheep_flooded_box
D:2:      layout_loops_ring, uniq_sigmund
D:3:      layout_basic, grunt_gozag_statues, marbit_many_paths,
          cheibrodos_sewer_entry_drain, kennysheep_generic_room_15, uniq_ijyb,
          uniq_natasha, uniq_crazy_yiuf_cottage
D:4:      lemuel_castle_with_subvaults [lemuel_castle_interior_carwin_3],
          layout_loops_ring, ashenzari_altar_1, temple_green, first_ration,
          nicolae_ossuary_entry_giza, minmay_manual_mares, uniq_blork_the_orc,
          uniq_eustachio
D:5:      layout_layer_cave, grunt_qazlal_clouds, ebering_ghost_inner_flame
D:6:      layout_basic, okawaru_gym_becter, lemuel_doored_altar,
          kiku_gazebo_garden_becter, nicolae_overflow_hidden_temple,
          minmay_increasing_density
D:7:      layout_loops_ring, nicolae_overflow_crystal_walls, enter_bailey_6
Temple:   nicolae_temple_figure_zero
Bailey:   bailey_axe_minmay_hex_keep, bailey

Skill      XL: |  1  2  3  4  5  6  7  8  9 10 |
---------------+-------------------------------+-----
Axes           | 2 3 4 5 6 8 9 |  9.5
Fighting       | 3 4 5 6 7 |  7.2
Evocations     | 1 2 4 |  4.2
Invocations    | 3 4 5 |  5.1
Armour         | |  2.4
Shields        | |  2.6

Action                   |  1- 3 |  4- 6 |  7- 9 | 10-12 || total
-------------------------+-------+-------+-------+-------++-------
Melee: War axe           |    98 |   118 |   313 |    45 ||   574
       Bite              |    18 |    13 |   123 |    19 ||   173
Invok: Slouch            |       |       |       |     1 ||     1
 Abil: Evoke Berserk Rag |       |     4 |       |       ||     4
       Evoke Invisibilit |       |       |     2 |     2 ||     4
Evoke: Wand              |       |       |     8 |     8 ||    16
  Use: Scroll            |       |       |    25 |     1 ||    26
       Potion            |       |       |     1 |     1 ||     2
 Stab: Sleeping          |       |       |     3 |       ||     3
       Invisible         |       |       |    12 |     1 ||    13
  Eat: Chunk             |     2 |     6 |    11 |     1 ||    20
Armor: Scale mail        |    26 |    88 |   107 |     6 ||   227
       Plate armour      |       |       |       |     3 ||     3
Dodge: Dodged            |    30 |    58 |    92 |     6 ||   186
Block: Kite shield       |    47 |   107 |   196 |    23 ||   373

Table legend:
 A = Non-vault XP
 B = Vault XP
 C = Vault XP percentage of total XP
 D = Non-vault monster count
 E = Vault monster count
 F = Vault count percentage of total count
                 A         B        C        D         E       F
            +---------+---------+-------+---------+---------+-------
      Total |    1717 |    3948 |  69.7 |     129 |     144 |  52.7
            +---------+---------+-------+---------+---------+-------
        D:1 |      50 |       0 |   0.0 |      31 |       0 |   0.0
        D:2 |     150 |     227 |  60.2 |      32 |       1 |   3.0
        D:3 |     217 |     122 |  36.0 |      22 |       7 |  24.1
        D:4 |     271 |     248 |  47.8 |      16 |       5 |  23.8
        D:5 |     239 |     602 |  71.6 |       8 |       2 |  20.0
        D:6 |     472 |     115 |  19.6 |      10 |       2 |  16.7
        D:7 |     318 |       0 |   0.0 |      10 |       0 |   0.0
      Sewer |       0 |     382 | 100.0 |       0 |      48 | 100.0
    Ossuary |       0 |     396 | 100.0 |       0 |      16 | 100.0
     Bailey |       0 |    1856 | 100.0 |       0 |      63 | 100.0
            +---------+---------+-------+---------+---------+-------
